 Dungeon Crawl Stone Soup version 0.26.1-2-gb8aa6d0cf2 (webtiles) character file.

Game seed: 5004023311907642260

103 H0rd4k the Charlatan (level 5, -2/37 HPs)
             Began as a Human Artificer on Mar 23, 2021.
             Killed by divine providence
             ... invoked by an orc priest
              (12 damage)
             ... on level 3 of the Dungeon on Mar 29, 2021.
             The game lasted 00:03:47 (3703 turns).

H0rd4k the Charlatan (Human Artificer)              Turns: 3703, Time: 00:03:49

Health: -2/37      AC:  6    Str: 13    XL:     5   Next: 6%
Magic:  5/5        EV: 12    Int: 11    God:
Gold:   142        SH:  0    Dex: 14    Spells: 4/4 levels left

rFire    . . .     SeeInvis .   g - +0 dagger
rCold    . . .     Faith    .   (no shield)
rNeg     . . .     Spirit   .   b - +0 leather armour
rPois    .         Reflect  .   (no helmet)
rElec    .         Harm     .   (no cloak)
rCorr    .         Rampage  .   (no gloves)
Will     .....                  h - +2 pair of boots
Stlth    ++........             l - amulet of regeneration
HPRegen  0.52/turn              (no ring)
MPRegen  0.09/turn              (no ring)

@: no status effects
A: no striking features
a: no special abilities


You were on level 3 of the Dungeon.
You visited 1 branch of the dungeon, and saw 3 of its levels.

You collected 142 gold pieces.

Inventory:

Hand Weapons
 a - a +0 club
 g - a +0 dagger (weapon)
Missiles
 i - 12 poisoned darts (quivered)
Armour
 b - a +0 leather armour (worn)
 h - a +2 pair of boots (worn)
Jewellery
 l - an amulet of regeneration (around neck)
Wands
 c - a wand of flame (8)
 d - a wand of enslavement (11)
 e - a wand of random effects (15)
Scrolls
 f - 4 scrolls of teleportation {unknown}
 j - 2 scrolls of identify {unknown}
 k - 2 scrolls of remove curse {unknown}
 o - a scroll of immolation {unknown}
 p - 2 scrolls of magic mapping {unknown}
Potions
 m - a potion of attraction {unknown}
 n - a potion of curing {unknown}


   Skills:
 + Level 1.3 Fighting
 + Level 1.8 Short Blades
 + Level 0.2 Throwing
 + Level 2.7 Armour
 + Level 2.1 Dodging
 + Level 1.6 Stealth
 + Level 3.5 Evocations


You had 4 spell levels left.
You didn't know any spells.
Your spell library was empty.

Dungeon Overview and Level Annotations

Branches:
Dungeon (3/15)

Altars:

Annotations:
D:2 exclusion: downstairs
D:3 1 runed translucent door, Phaedo's ghost, amateur BaIE


Message History

What are your orders? t - Shout!
Orders for allies: a - Attack new target. p - Attack previous target. r - Retreat! s - Stop attacking. g - Guard the area. f - Follow me.
Anything else - Cancel.
Guard this area!
Your hobgoblin closely misses the orc.
The orc hits your hobgoblin with a +0 trident!
Your hobgoblin dies!
The orc priest looks braver for a moment.
You don't have any such object.
Evoke which item? (* to show all) (? for menu, Esc to quit)
Okay, then.
Aiming: Enslavement
Press: ? - help, Shift-Dir - straight line, f - orc
Aim: an orc, wielding a +0 trident (chance to affect: 73%)
The orc struggles to resist.
The orc priest invokes the aid of Beogh against you.
Beogh smites you!
You die...

....g...#.##.##.###.....#
...######....)..# #.....# ##
...# ####..### ####### .. ...#
##.#.## #### .# . ...# #.###.#
#.. .# .. ...# ##.#.## ##.####
.##.# ..g.# ##.## #...).# .o. .
#.#.# #####.######o.##.##.##...
....# ##...#...@.)o..##..o....#
....####......#######....?..####
..............# #########
.....###......# .....# #....#.#
#.##. #.#.##.# ..# #.#.##.#
#.##.###......# .....##......##


You could see an orc priest and an orc.

Vanquished Creatures
  An orc priest (D:3)
  An adder (D:2)
  A worm (D:2)
  4 dart slugs
  2 orcs
  10 bats
  2 giant cockroaches
  4 hobgoblins
  3 jackals (D:1)
  6 kobolds
  3 frilled lizards
  10 goblins
  A quokka zombie (D:3)
  8 rats
56 creatures vanquished.

Vanquished Creatures (collateral kills)
  2 orcs (D:3)
2 creatures vanquished.

Vanquished Creatures (others)
  An orc priest (D:3)
  An adder (D:2)
  A hobgoblin (D:3)
3 creatures vanquished.

Grand Total: 61 creatures vanquished

Notes
Turn   | Place    | Note
-------+----------+-------------------------------------------
     0 | D:1      | H0rd4k the Human Artificer began the quest for the Orb.
     0 | D:1      | Reached XP level 1. HP: 15/15 MP: 1/1
   674 | D:1      | Reached XP level 2. HP: 21/21 MP: 2/2
  1085 | D:1      | Reached XP level 3. HP: 23/26 MP: 3/3
  2261 | D:2      | Reached skill level 1 in Short Blades
  2314 | D:2      | Reached XP level 4. HP: 31/32 MP: 4/4
  3273 | D:3      | Found a runed translucent door.
  3277 | D:3      | Noticed Phaedo's ghost (amateur BaIE)
  3533 | D:3      | Reached XP level 5. HP: 16/37 MP: 5/5
  3703 | D:3      | Killed from afar by an orc priest

Illustrated notes

Levels and vault maps discovered:
D:1:      sevenhm_arrival_forest_fort_large_4, layout_loops_ring
D:2:      minmay_angry_zag, layout_basic
D:3:      layout_loops_cross, hellmonk_ghost_happy_afterlife

Skill      XL: |  1  2  3  4 |
---------------+-------------+-----
Short Blades   | 1 |  1.8
Dodging        | 2 |  2.1
Fighting       | |  1.3
Throwing       | |  0.2
Armour         | |  2.7
Stealth        | |  1.6
Evocations     | |  3.5

Action                   |  1- 3 |  4- 6 || total
-------------------------+-------+-------++-------
Melee: Dagger            |   164 |   124 ||   288
       Club              |    11 |       ||    11
Throw: Dart              |       |     4 ||     4
Evoke: Wand              |     8 |     3 ||    11
 Stab: Sleeping          |     4 |     1 ||     5
Armor: Leather armour    |    74 |    34 ||   108
Dodge: Dodged            |   115 |    85 ||   200
